 Dungeon Crawl Stone Soup version 0.32-a0-630-g46d191b0ed (webtiles) character file.

Game seed: 17757694165936857434

68 Esekla the Sneak (level 4, 31/31 HPs)
             Began as an Octopode Delver on Mar 7, 2024.
             Quit the game on level 5 of the Dungeon.
             The game lasted 00:02:39 (288 turns).

Esekla the Sneak (Octopode Delver)                   Turns: 288, Time: 00:02:39

Health: 31/31      AC:  1    Str: 11    XL:     4   Next: 19%
Magic:  5/5        EV: 13    Int: 14    God:
Gold:   33         SH:  0    Dex: 13    Spells: 5/5 levels left

rFire   . . .        s - +0 dagger
rCold   . . .        (no shield)
rNeg    . . .        (helmet restricted)
rPois   .            (no amulet)
rElec   .            (no ring)
rCorr   .            (no ring)
SInv    .            (no ring)
Will    .....        (no ring)
Stlth   +++++        (no ring)
HPRegen 0.25/turn    (no ring)
MPRegen 0.09/turn    (no ring)
                     (no ring)

%: no passive effects
@: no status effects
A: almost no armour, amphibious, 8 rings, camouflage 1, gelatinous body 1,
(nimble swimmer 1), tentacles
a: no special abilities


You were on level 5 of the Dungeon.
You visited 2 branches of the dungeon, and saw 2 of its levels.

You collected 33 gold pieces.

Inventory:

Hand Weapons
 a - a +0 falchion
 r - a +0 spear
 s - a +0 dagger (weapon)
Missiles
 g - 2 boomerangs (quivered)
Wands
 f - a wand of digging (3)
Scrolls
 b - a scroll of fog
 c - a scroll of teleportation {unknown}
 d - a scroll of fear
Potions
 e - a potion of haste


   Skills:
 * Level 3.4 Fighting
 + Level 2.1 Long Blades
 * Level 2.4 Dodging
 + Level 7.6 Stealth
 * Level 1.0 Spellcasting


You had 5 spell levels left.
You didn't know any spells.
Your spell library was empty.

Dungeon Overview and Level Annotations

Branches:
Dungeon (5/15)             Temple (1/1) D:5

Altars:
Ashenzari
Cheibriados
Fedhas
Kikubaaqudgha
Okawaru
Sif Muna
Vehumet
Wu Jian
Xom
The Shining One


Innate Abilities, Weirdness & Mutations

You cannot wear most types of armour.
You are amphibious.
You can wear up to eight rings at the same time.
Your skin changes colour to match your surroundings (Stealth+).
Your rubbery body absorbs attacks. (AC +1, EV +1)
((You are camouflaged when in or above water. (Stealth+)))
You have tentacles for arms and can constrict up to eight enemies at once.


Message History

You kill the dart slug!
A hound comes into view.
Found 13 gold pieces.
You see here a dart slug corpse.
Found 13 gold pieces.
Found a ring mail.
An orc comes into view. It is wielding a +0 club.
The orc shouts!
The orc throws a boomerang.
The boomerang barely misses you.
You see here 13 gold pieces.
You now have 20 gold pieces (gained 13).
The orc throws a boomerang.
The boomerang hits you.
The orc throws a boomerang.
The boomerang hits you. The orc hits you with a +0 club.
You hit the orc. You grab the orc. You squeeze the orc.
The orc is moderately wounded.
You constrict the orc. The orc closely misses you.
You hit the orc.
The orc is severely wounded.
You constrict the orc. The orc barely misses you.
You hit the orc. You squeeze the orc.
You kill the orc!
Items here: ( ) [ †.
g - 2 boomerangs You start resting.
HP restored.
You open the door.
Found a shimmering altar of Xom. 2 gnolls come into view.
There is an open door here.
A hound comes into view.
s - a +0 dagger (weapon)
The helpless hound fails to defend itself.
You impale the hound!!
You kill the hound!
Your Spellcasting skill increases to level 1!
You have reached level 4!
You see here a hound corpse.
You now have 33 gold pieces (gained 13).
Are you sure you want to abandon this character and quit the game? (Confirm with "yes".)

######
.....#################
.....................#
.....##############.##
)....# #†.# .....#####
##.##
.........########..######*
.....###.................#
.....# ***#####.@###.....#
..##.#### *#...## *.....#
[.......####..##* *,....#
.............###****.....#
#.#####.......h.,,,......#
#.# ###..#..###**##......#*
#.# #....†..# *...,,,,,,*
*,**#.####..#####.#*,,,,*,*
*,,...* #........#*,,,,*,*


There were no monsters in sight!

Vanquished Creatures
  2 hounds (D:5)
  A dart slug (D:5)
  An orc (D:5)
4 creatures vanquished.

Notes
Turn   | Place    | Note
-------+----------+-------------------------------------------
     0 | D:5      | Esekla the Octopode Delver began the quest for the Orb.
     0 | D:5      | Reached XP level 1. HP: 16/16 MP: 1/1
     6 | D:5      | Noticed a hound
    68 | D:5      | Noticed a hound
    75 | D:5      | Killed a hound
    76 | D:5      | Reached skill level 7 in Stealth
    76 | D:5      | Reached XP level 2. HP: 21/21 MP: 1/3
    76 | D:5      | Reached XP level 3. HP: 26/26 MP: 1/4
    84 | D:5      | Found a staircase to the Ecumenical Temple.
    97 | Temple   | Entered the Ecumenical Temple
   241 | D:5      | Found a shimmering altar of Xom.
   282 | D:5      | Reached skill level 1 in Spellcasting
   282 | D:5      | Reached XP level 4. HP: 31/31 MP: 5/5
   288 | D:5      | Quit the game

Illustrated notes

Levels and vault maps discovered:
D:5:      layout_rooms, kennysheep_little_box, minmay_temple_entry_nine_rooms,
          serial_library_regret_index_multi, uniq_menkaure
Temple:   dpeg_three_leaves_temple

Skill      XL: |  1  2  3 |
---------------+----------+-----
Stealth        | 7 |  7.6
Spellcasting   | 1 |  1.0
Fighting       | |  3.4
Long Blades    | |  2.1
Dodging        | |  2.4

Action                     |  1- 3 |  4- 6 || total
---------------------------+-------+-------++-------
  Melee: Falchion          |     8 |       ||     8
         Tentacles         |     6 |       ||     6
         Constrict         |     3 |       ||     3
         Dagger            |     1 |       ||     1
    Use: Scroll            |     1 |       ||     1
   Stab: Sleeping          |     1 |       ||     1
 Armour: Skin              |     4 |       ||     4
  Dodge: Dodged            |     6 |       ||     6

Table legend: (Time is in decaauts)
 A = Elapsed time spent in this place.
 B = Non-inter-level travel time spent in this place.
 C = Inter-level travel time spent in this place.
 D = Time resting spent in this place.
 E = Time spent auto-exploring this place.
 F = Levels seen in this place.
 G = Mean time per level.
                   A        B        C        D        E       F      G
               +--------+--------+--------+--------+--------+-----+--------+
         Total |    289 |    289 |      0 |     35 |      0 |   2 |  144.5 |
       Dungeon |    287 |    287 |      0 |     35 |      0 |   1 |  287.0 |
        Temple |      1 |      1 |      0 |      0 |      0 |   1 |    1.0 |
               +--------+--------+--------+--------+--------+-----+--------+

Top non-repeatable levels by time:
     D:5: 287 daAuts
  Temple: 1 daAuts
